 Dungeon Crawl Stone Soup version 0.21-a0-496-g696f58f (webtiles) character file.

9599 tof the Cleaver (level 11, -2/99 HPs)
             Began as a Minotaur Berserker on Nov 23, 2017.
             Was a High Priest of Trog.
             Slain by a fire dragon (9 damage)
             ... on level 10 of the Dungeon.
             The game lasted 00:18:53 (12153 turns).

tof the Cleaver (Minotaur Berserker)               Turns: 12153, Time: 00:18:54

Health: -2/99      AC:  8    Str: 22    XL:     11   Next: 25%
Magic:  2/2        EV: 17    Int:  2    God:    Trog [*****.]
Gold:   530        SH:  0    Dex: 13    Spells: 10/10 levels left

rFire    . . .     SeeInvis .   a - +8 battleaxe (antimagic)
rCold    . . .     Gourm    .   (shield currently unavailable)
rNeg     . . .     Faith    .   I - +0 leather armour (curse)
rPois    .         Spirit   .   u - +0 hat
rElec    .         Reflect  .   l - +1 cloak {MR+}
rCorr    .         Harm     .   n - +0 pair of gloves
MR       +++..                  E - +0 pair of boots
Stlth    +.........             (no amulet)
HPRegen  1.26/turn              (no ring)
MPRegen  0.08/turn              (no ring)

@: regenerating
A: retaliatory headbutt, claws 1, horns 2, talons 1, deformed body, dopey 1, low
mp 1
a: Berserk, Trog's Hand, Brothers in Arms, Burn Spellbooks, Renounce Religion


You were on level 10 of the Dungeon.
You worshipped Trog.
Trog was extremely pleased with you.
You were hungry.

You visited 1 branch of the dungeon, and saw 10 of its levels.

You collected 530 gold pieces.

Inventory:

Hand Weapons
 a - a +8 antimagic battleaxe (weapon)
 b - the +7 hand crossbow "Alyvum" {velocity, rF+ Str+5}
   (You found it on level 8 of the Dungeon)

   Any bolt fired from it inflicts extra damage.
   It affects your strength (+5).
   It protects you from fire.
 D - a +0 broad axe of flaming
Missiles
 i - 11 tomahawks (quivered)
 G - 27 bolts
Armour
 l - a +1 cloak of magic resistance (worn)
 n - a +0 pair of gloves (worn)
 t - a +0 ring mail
 u - a +0 hat (worn)
 E - a +0 pair of boots (worn)
 I - a cursed +0 leather armour (worn)
Wands
 p - a wand of digging (13)
 s - a wand of paralysis (16)
 w - a wand of disintegration (17)
 x - a wand of flame (54)
Scrolls
 d - 6 scrolls of teleportation
 f - 11 scrolls of remove curse
 g - a scroll of fog
 q - 2 scrolls of summoning
 A - a scroll of blinking
 B - 2 scrolls of magic mapping
 F - a scroll of random uselessness {unknown}
 K - a scroll of silence {unknown}
Potions
 e - 2 potions of might {unknown}
 h - a potion of haste {unknown}
 k - 2 potions of magic {unknown}
 m - 2 potions of heal wounds
 o - 2 potions of lignification
 r - 3 potions of cancellation
 v - 2 potions of flight {unknown}
Books
 y - a book of Cantrips

   Spells                             Type                      Level
   a - Confusing Touch                Hexes                        1
   b - Animate Skeleton               Necromancy                   1
   c - Summon Small Mammal            Summoning                    1
   d - Apportation                    Translocation                1
   Trog disapproves of the use of such an item.
 C - a book of Geomancy

   Spells                             Type                      Level
   a - Sandblast                      Earth                        1
   b - Passwall                       Transmutation/Earth          2
   c - Stone Arrow                    Conjuration/Earth            3
   d - Petrify                        Transmutation/Earth          4
   e - Lee's Rapid Deconstruction     Earth                        5
   Trog disapproves of the use of such an item.
 H - a book of Cantrips

   Spells                             Type                      Level
   a - Confusing Touch                Hexes                        1
   b - Animate Skeleton               Necromancy                   1
   c - Summon Small Mammal            Summoning                    1
   d - Apportation                    Translocation                1
   Trog disapproves of the use of such an item.
Comestibles
 c - 5 bread rations
 j - 5 meat rations
 z - a royal jelly
 J - 6 chunks of flesh
 L - a fruit


   Skills:
 + Level 10.0 Fighting
 * Level 13.1 Axes
 + Level 3.6 Crossbows
 + Level 9.6 Armour
 + Level 8.9 Dodging


You had 10 spell levels left.
You didn't know any spells.

Dungeon Overview and Level Annotations

Branches:
Dungeon (10/15)            Temple (0/1) D:4            Lair (0/6) D:8
    Orc (0/2) D:10

Altars:
Ashenzari
Elyvilon
Hepliaklqana
Kikubaaqudgha
Trog
Uskayaw
The Shining One

Shops:
D:5 [   D:6 ?}[**


Innate Abilities, Weirdness & Mutations

You reflexively headbutt those who attack you in melee.
You have a pair of horns on your head.
You have sharp fingernails.
You have sharp toenails.
Armour fits poorly on your strangely shaped body.
You are dopey. (Int -2)
Your magical capacity is low. (-10% MP)


Message History

You headbutt the fire dragon, but do no damage.
The fire dragon is moderately wounded.
The fire dragon breathes flames at you. The blast of flame hits you!
* * * LOW HITPOINT WARNING * * *
Your skin crawls.
You feel resistant to hostile enchantments.
You feel somewhat more hungry. The fire dragon bites you.
* * * LOW HITPOINT WARNING * * *
The fire dragon claws you.
* * * LOW HITPOINT WARNING * * *
The fire dragon closely misses you.
Your ogre goes berserk!
You are feeling hungry.
You hear a distant blaring wail to the east.
The fire dragon bites you!
* * * LOW HITPOINT WARNING * * *
The fire dragon claws you but does no damage.
The fire dragon tramples you!
You die...

#...8...# ###########.
#.....# ..##........ ###g####
#.##[# #......#
#.##<##############D.....##.
#.##)##8...8#..#W..b........#
..##[##.....##.#g###.#.......
......#..>..##.#D# #.....#.##
..###.#...).#.O.@###.###.#.#
### #)#8)..8##.#.........# #
#.###)####.#####........
#.)([......# ##.#####.
##########...# .# ....# .#
#...# .. ...## .. ####


You could see a fire dragon, a hungry ghost, a gnoll and a friendly ogre
(berserk).

Vanquished Creatures
  A two-headed ogre (D:8)
  The ghost of Typee the Basher, a journeyman GrFi of Qazlal (D:10)
  A komodo dragon (D:9)
  A troll (D:9)
  Grinder (D:6)
  3 hippogriffs
  Sigmund (D:2)
  A wyvern (D:9)
  3 fire bats (D:10)
  Eustachio (D:6)
  2 hungry ghosts
  Grum (D:9)
  2 ice beasts
  3 orc warriors
  A necrophage (D:10)
  2 sky beasts
  7 ogres
  5 centaurs
  2 phantoms
  4 wolves (D:9)
  10 big kobolds
  6 bullfrogs
  6 gnoll sergeants
  3 scorpions
  9 killer bees
  A vampire bat (D:3)
  2 howler monkeys
  6 crimson imps
  A bullfrog zombie (D:6)
  A centaur zombie (D:7)
  Crazy Yiuf (D:2)
  3 orc priests (D:7)
  A bullfrog skeleton (D:8)
  3 hounds
  Jessica (D:3)
  2 iguanas
  7 orc wizards
  10 worker ants
  A killer bee zombie (D:5)
  A hound zombie (D:6)
  3 hound skeletons
  2 worker ant zombies (D:3)
  Robin (D:3)
  18 adders
  6 gnolls
  A howler monkey skeleton (D:7)
  2 shadow imps
  An ooze (D:1)
  An adder zombie (D:3)
  3 adder skeletons
  4 leopard geckos
  28 orcs
  4 ball pythons
  6 bat skeletons (D:3)
  4 giant cockroaches
  13 hobgoblins
  8 jackals
  47 kobolds
  9 quokkas
  6 bats
  6 frilled lizards
  17 goblins
  3 jackal skeletons
  2 leopard gecko zombies
  2 quokka skeletons (D:6)
  A quokka zombie (D:3)
  7 rats
323 creatures vanquished.

Notes
Turn   | Place    | Note
-------+----------+-------------------------------------------
     0 | D:1      | tof the Minotaur Berserker began the quest for the Orb.
     0 | D:1      | Reached XP level 1. HP: 19/19 MP: 0/0
   348 | D:1      | Reached XP level 2. HP: 20/27 MP: 1/1
   350 | D:1      | Reached skill level 4 in Axes
  1183 | D:2      | Reached XP level 3. HP: 33/33 MP: 2/2
  1442 | D:2      | Reached ** piety under Trog
  1499 | D:2      | Found a runed door.
  1503 | D:2      | Noticed Crazy Yiuf
  1508 | D:2      | Killed Crazy Yiuf
  1508 | D:2      | Reached XP level 4. HP: 40/40 MP: 3/3
  1643 | D:2      | Reached skill level 5 in Axes
  1986 | D:2      | Noticed Sigmund
  1990 | D:2      | Killed Sigmund
  1990 | D:2      | Reached XP level 5. HP: 47/47 MP: 4/4
  2149 | D:2      | Reached XP level 6. HP: 55/55 MP: 5/5
  2393 | D:3      | Found a bloodstained altar of Trog.
  2396 | D:3      | Reached skill level 6 in Axes
  2459 | D:3      | Noticed Robin
  2474 | D:3      | Noticed Jessica
  2481 | D:3      | Reached skill level 5 in Fighting
  2484 | D:3      | Found a hide-covered altar of Uskayaw.
  2485 | D:3      | Killed Robin
  2496 | D:3      | Killed Jessica
  2763 | D:3      | Reached *** piety under Trog
  3100 | D:3      | Found an ancient bone altar of Kikubaaqudgha.
  3264 | D:4      | Reached XP level 7. HP: 61/61 MP: 6/6
  3378 | D:4      | Found a staircase to the Ecumenical Temple.
  3702 | D:4      | Reached **** piety under Trog
  3702 | D:4      | Reached skill level 7 in Axes
  3711 | D:4      | Reached skill level 5 in Armour
  4192 | D:4      | Reached skill level 5 in Dodging
  4192 | D:4      | Reached XP level 8. HP: 65/70 MP: 7/7
  4613 | D:5      | Entered Level 5 of the Dungeon
  4735 | D:5      | Reached skill level 8 in Axes
  4741 | D:5      | Found a shattered altar of Ashenzari.
  4816 | D:5      | Reached ***** piety under Trog
  5449 | D:5      | Found Deumep's Armour Shoppe.
  5767 | D:6      | Noticed Grinder
  5783 | D:6      | Killed Grinder
  5783 | D:6      | Reached skill level 9 in Axes
  5898 | D:6      | Found Durib's Assorted Antiques.
  5910 | D:6      | Noticed Eustachio
  5931 | D:6      | Killed Eustachio
  6092 | D:6      | Reached XP level 9. HP: 79/79 MP: 8/8
  6136 | D:6      | Found Faagy's Assorted Antiques.
  6282 | D:6      | Found Mudurraa's Armour Shop.
  6309 | D:6      | Found Sageg's Magic Scroll Shoppe.
  6392 | D:6      | Gained mutation: Armour fits poorly on your strangely shaped body. [potion of mutation]
  6392 | D:6      | Gained mutation: Your magical capacity is low. (-10% MP) [potion of mutation]
  6392 | D:6      | Gained mutation: You have sharp fingernails. [potion of mutation]
  6392 | D:6      | Gained mutation: You have sharp toenails. [potion of mutation]
  6498 | D:6      | Found Imoi's Gadget Shop.
  6683 | D:6      | Gained mutation: You are dopey. (Int -2) [mutagenic meat]
  6829 | D:7      | Reached skill level 10 in Axes
  7748 | D:7      | Reached skill level 11 in Axes
  8007 | D:7      | Found a glowing golden altar of the Shining One.
  8007 | D:7      | Found a white marble altar of Elyvilon.
  8565 | D:8      | Noticed a two-headed ogre
  8576 | D:8      | Killed a two-headed ogre
  8576 | D:8      | Reached XP level 10. HP: 90/90 MP: 8/8
  8845 | D:8      | Found a hazy altar of Hepliaklqana.
  8877 | D:8      | Received a gift from Trog
  9259 | D:8      | Reached skill level 12 in Axes
  9409 | D:8      | Got an encrusted hand crossbow
  9410 | D:8      | Identified the +7 hand crossbow "Alyvum" {velocity, rF+ Str+5} (You found it on level 8 of the Dungeon)
  9760 | D:8      | Found a staircase to the Lair.
  9932 | D:9      | Reached skill level 1 in Crossbows
 10290 | D:9      | Noticed Grum
 10301 | D:9      | Killed Grum
 11189 | D:10     | Entered Level 10 of the Dungeon
 11219 | D:10     | Noticed Typee's ghost (journeyman GrFi)
 11228 | D:10     | Killed Typee's ghost
 11228 | D:10     | Reached XP level 11. HP: 99/99 MP: 2/8
 11229 | D:10     | Found a staircase to the Orcish Mines.
 11500 | D:9      | HP: 4/148 [troll (11)]
 11867 | D:9      | Reached skill level 13 in Axes
 12135 | D:10     | Noticed a fire dragon
 12136 | D:10     | Found the +7 great mace "Firestarter" {inner flame, rF++}
 12146 | D:10     | Reached skill level 10 in Fighting
 12153 | D:10     | Slain by a fire dragon

Vault maps used:
D:1:      nzn_arrival_depleted_hourglass
D:2:      uniq_crazy_yiuf_cottage, uniq_sigmund
D:3:      nicolae_overflow_crystal_walls, kennysheep_vampire_church,
          serial_undead, serial_undead_e, serial_undead_a, serial_undead_d,
          serial_undead_d, serial_undead_b, serial_undead_e, serial_undead_b,
          serial_undead_c, serial_undead_c, serial_undead_e,
          corexii_leaking_fountain, trog_butcher_becter, uniq_jessica,
          uniq_robin
D:4:      minmay_goblin_kobold_castle, minmay_temple_entry_enclosed_plants,
          first_bread
D:5:      cheibrodos_ashenzari_chains, serial_shops, shop
D:6:      serial_shops, shop, kennysheep_little_box, shop, shop_fountains,
          kennysheep_mini, grunt_decor_resistance, minmay_misc_feat_tiny,
          kennysheep_generic_room_8, uniq_grinder, uniq_eustachio
D:7:      gammafunk_temple_overflow_wave
D:8:      old_standard_altar, lair_entry_dummy
D:9:      uniq_grum
D:10:     minmay_firetagon, kennysheep_orc_monster_closet_entryway,
          serial_shops, nicolae_shop_behind_doors, shop, shop, shop, shop_statue

Skill      XL: |  1  2  3  4  5  6  7  8  9 10 11 |
---------------+----------------------------------+-----
Axes           | 4 5 6 7 9 11 12 13 | 13.1
Fighting       | 4 5 6 7 8 9 10 | 10.0
Armour         | 3 4 5 6 8 9 |  9.6
Dodging        | 3 4 5 6 7 8 |  8.9
Crossbows      | 2 3 |  3.6

Action                   |  1- 3 |  4- 6 |  7- 9 | 10-12 || total
-------------------------+-------+-------+-------+-------++-------
Melee: Hand axe          |    61 |   131 |   401 |    14 ||   607
       Headbutt          |     6 |    21 |    78 |    27 ||   132
       Kick              |       |       |    30 |     6 ||    36
       Battleaxe         |       |       |       |   129 ||   129
       Broad axe         |       |       |       |    29 ||    29
 Fire: Hand crossbow     |       |       |       |    12 ||    12
Invok: Berserk           |     1 |     1 |     4 |     2 ||     8
       Trog's Hand       |     1 |       |     3 |     2 ||     6
       Brothers in Arms  |       |       |       |     1 ||     1
  Use: Scroll            |       |       |    10 |     5 ||    15
       Potion            |       |       |     2 |       ||     2
  Eat: Chunk             |     2 |     8 |    20 |    15 ||    45
       Royal jelly       |       |       |     1 |       ||     1
Armor: Animal skin       |    13 |    23 |       |       ||    36
       Leather armour    |       |    19 |       |    29 ||    48
       Ring mail         |       |       |   153 |    30 ||   183
Dodge: Dodged            |    48 |   131 |   308 |   206 ||   693

Table legend:
 A = Spawn XP
 B = Non-spawn XP
 C = Spawn XP percentage of total XP
 D = Spawn monster count
 E = Non-spawn monster count
 F = Spawn count percentage of total count
 G = Total turns spent on level
                    A         B        C        D         E        F      G
               +---------+---------+-------+---------+---------+-------+---------
         Total |       0 |   13714 |   0.0 |       0 |     323 |   0.0 | 12153
               +---------+---------+-------+---------+---------+-------+---------
           D:1 |       0 |      38 |   0.0 |       0 |      20 |   0.0 |  1178
           D:2 |       0 |     371 |   0.0 |       0 |      25 |   0.0 |  1190
           D:3 |       0 |     310 |   0.0 |       0 |      56 |   0.0 |   900
           D:4 |       0 |     775 |   0.0 |       0 |      61 |   0.0 |  1459
           D:5 |       0 |     656 |   0.0 |       0 |      22 |   0.0 |  1219
           D:6 |       0 |    1098 |   0.0 |       0 |      19 |   0.0 |  1369
           D:7 |       0 |    1611 |   0.0 |       0 |      41 |   0.0 |  1549
           D:8 |       0 |    2873 |   0.0 |       0 |      28 |   0.0 |   919
           D:9 |       0 |    2945 |   0.0 |       0 |      31 |   0.0 |  2135
          D:10 |       0 |    3037 |   0.0 |       0 |      20 |   0.0 |   235
               +---------+---------+-------+---------+---------+-------+---------
